 Dungeon Crawl Stone Soup version 0.18-a0-1535-g243bd92 (webtiles) character file.

2967 MenacingMecha the Bludgeoner (level 9, -6/84 HPs)
             Began as an Ogre Berserker on Mar 9, 2016.
             Was an Elder of Trog.
             Mangled by a killer bee (7 damage)
             ... on level 8 of the Dungeon.
             The game lasted 00:21:46 (8463 turns).

MenacingMecha the Bludgeoner (Ogre Berserker)       Turns: 8463, Time: 00:21:46

Health: -6/84      AC:  4    Str: 24    XL:     9   Next: 82%
Magic:  9/9        EV: 11    Int:  6    God:    Trog [****..]
Gold:   304        SH:  0    Dex: 12    Spells: 0 memorised, 8 levels left

rFire  . . .     SeeInvis .     u - +0 giant club
rCold  . . .     Gourm    .     b - +0 animal skin
rNeg   + . .     Faith    .     (shield currently unavailable)
rPois  .         Spirit   .     L - +1 hat
rElec  .         Dismiss  .     (no cloak)
rCorr  .         Reflect  .     (gloves unavailable)
SustAt .         Harm     .     (boots unavailable)
MR     ++...                    (no amulet)
Stlth  +.........               q - +1 ring of evasion
                                d - ring of positive energy

@: lethally poisoned (-6 -> -6), regenerating, very resistant to hostile
enchantments, very unstealthy
A: unfitting armour, tough skin 1
a: Berserk, Trog's Hand, Brothers in Arms, Burn Spellbooks, Renounce Religion


You were on level 8 of the Dungeon.
You worshipped Trog.
Trog was greatly pleased with you.
You were hungry.

You visited 1 branch of the dungeon, and saw 8 of its levels.

You collected 304 gold pieces.

Inventory:

Hand Weapons
 a - a +0 mace
 u - a +0 giant club (weapon)
Missiles
 g - 8 tomahawks (quivered)
 P - 4 tomahawks of dispersal
Armour
 b - a +0 animal skin (worn)
 L - a +1 hat (worn)
Jewellery
 d - a ring of positive energy (left hand)
 e - an uncursed ring of magical power
 q - a +1 ring of evasion (right hand)
 y - an uncursed ring of fire {unknown}
 I - a cursed ring of teleportation {unknown}
 M - an uncursed ring of protection from magic {unknown}
 O - a cursed amulet of inaccuracy {unknown}
Wands
 v - a wand of polymorph (6/24)
 F - a wand of lightning (10/15)
 H - a wand of flame (11/48)
 J - a wand of random effects (14/48)
 N - a wand of lightning (7/15)
Scrolls
 i - 3 scrolls of enchant armour {unknown}
 j - 5 scrolls of amnesia {unknown}
 l - 2 scrolls of teleportation {unknown}
 n - 5 scrolls of identify {unknown}
 o - 10 scrolls of remove curse {unknown}
 s - 2 scrolls of recharging {unknown}
 w - a scroll of immolation {unknown}
 x - 2 scrolls of fog {unknown}
 E - a scroll of blinking {unknown}
 K - a scroll of enchant weapon {unknown}
Potions
 k - a potion of berserk rage {unknown}
 m - 6 potions of curing {unknown}
 p - a potion of heal wounds {unknown}
 r - 3 potions of mutation {unknown}
 t - 2 potions of brilliance {unknown}
 z - 2 potions of resistance {unknown}
 A - a potion of magic {unknown}
 B - a potion of might {unknown}
 C - 2 potions of agility {unknown}
 D - a potion of lignification {unknown}
 Q - a potion of invisibility {unknown}
Books
 G - a book of Necromancy

   Spells                             Type                      Level
   a - Pain                           Necromancy                   1
   b - Animate Skeleton               Necromancy                   1
   c - Vampiric Draining              Necromancy                   3
   d - Regeneration                   Charms/Necromancy            3
   e - Animate Dead                   Necromancy                   4
   f - Control Undead                 Necromancy                   4
   Trog disapproves of the use of such an item.
Comestibles
 c - 2 bread rations
 f - 14 fruits
 h - 5 meat rations


   Skills:
 - Level 4.0 Fighting
 + Level 16.4 Maces & Flails
 - Level 2.6 Dodging


You had 8 spell levels left.
You didn't know any spells.

Dungeon Overview and Level Annotations

Branches:
Dungeon (8/15)             Temple (0/1) D:5
   Lair: D:8-11

Altars:
Ashenzari
Dithmenos
Gozag
Kikubaaqudgha
Qazlal
Ru
Sif Muna
Trog
Yredelemnul
The Shining One

Annotations:
D:7 exclusion: ice statue


Innate Abilities, Weirdness & Mutations

You are too large for most types of armour.
You have tough skin (AC +1).


Message History

You feel slightly more hungry.
You feel sick. The killer bee stings your black bear.
Your black bear is poisoned.
The killer bee poisons your black bear! The killer bee barely misses you.
Your black bear bites the killer bee!
The killer bee dies!
Trog accepts your kill. The killer bee stings you.
* * * LOW HITPOINT WARNING * * *
The killer bee stings you.
* * * LOW HITPOINT WARNING * * *
You are more poisoned.
The killer bee poisons you! The killer bee stings you.
* * * LOW HITPOINT WARNING * * *
Your black bear bites the killer bee!
Your black bear claws the killer bee!
Your black bear claws the killer bee.
The killer bee dies!
Trog accepts your kill.
You feel sick. The killer bee stings you!
You die...

#.........#.#.#
#####.#.#..##...#.###
........#...##......###
#####.##.....##.).....#
#.......###.#.#.#>#
######<......))...#
#.####.##)#..# #.#
#.##)...# # #+#
#.@yy...# ...
####.######...
####†....y...#
..#...h....##..#
......##.....##.#
...........y....#
......##......#.# ....#
##.[#..#.## ...
#.##..#..#.#


You could see 2 killer bees.

Vanquished Creatures
  Grinder (D:3)
  Prince Ribbit (D:6)
  A hungry ghost (D:7)
  A hippogriff (D:6)
  An orc warrior (D:8)
  2 eyes of draining (D:6)
  4 ogres
  A centaur (D:3)
  2 crocodiles (D:8)
  3 giant frogs
  A scorpion (D:5)
  6 howler monkeys
  4 wights (D:7)
  2 crimson imps
  A hound (D:5)
  A jelly (D:8)
  A centaur skeleton (D:8)
  A giant frog skeleton (D:6)
  An orc priest (D:6)
  3 orc wizards
  Natasha (thrice) (D:2)
  An iguana (D:7)
  5 worker ants
  A sheep (D:8)
  A hound zombie (D:6)
  A worker ant zombie (D:8)
  6 adders
  4 gnolls
  An ooze (D:7)
  An adder skeleton (D:4)
  An adder zombie (D:6)
  5 worms
  3 dart slugs
  4 giant geckos
  17 orcs
  5 giant cockroaches
  7 goblins
  11 hobgoblins
  12 jackals
  A quokka (D:2)
  A ball python (D:2)
  7 bats
  5 giant newts
  A jackal skeleton (D:4)
  5 kobolds
  10 rats
157 creatures vanquished.

Vanquished Creatures (collateral kills)
  2 killer bees (D:8)
2 creatures vanquished.

Grand Total: 159 creatures vanquished

Notes
Turn   | Place    | Note
--------------------------------------------------------------
     0 | D:1      | MenacingMecha the Ogre Berserker began the quest for the Orb.
     0 | D:1      | Reached XP level 1. HP: 24/24 MP: 1/1
   160 | D:1      | Reached XP level 2. HP: 32/32 MP: 2/2
   235 | D:1      | Reached skill level 5 in Maces & Flails
   407 | D:1      | Reached XP level 3. HP: 36/39 MP: 3/3
   417 | D:1      | Reached ** piety under Trog
  1111 | D:2      | Noticed Natasha
  1306 | D:2      | Killed Natasha
  1306 | D:2      | Reached skill level 6 in Maces & Flails
  1306 | D:2      | Reached XP level 4. HP: 48/48 MP: 4/4
  1634 | D:2      | Noticed Natasha
  1658 | D:2      | Killed Natasha
  1658 | D:2      | Reached skill level 7 in Maces & Flails
  1752 | D:2      | Found a basalt altar of Yredelemnul.
  1793 | D:2      | Found a stormy altar of Qazlal.
  1825 | D:2      | Noticed Natasha
  1839 | D:2      | Killed Natasha
  1839 | D:2      | Reached XP level 5. HP: 40/54 MP: 5/5
  1864 | D:2      | Found an ancient bone altar of Kikubaaqudgha.
  1867 | D:2      | Found a sacrificial altar of Ru.
  2033 | D:3      | Noticed Grinder
  2048 | D:3      | Killed Grinder
  2048 | D:3      | Reached skill level 9 in Maces & Flails
  2048 | D:3      | Reached XP level 6. HP: 47/62 MP: 6/6
  3314 | D:3      | Reached skill level 10 in Maces & Flails
  3314 | D:3      | Reached XP level 7. HP: 36/70 MP: 7/7
  3578 | D:4      | Found a shattered altar of Ashenzari.
  3584 | D:4      | Reached *** piety under Trog
  4213 | D:4      | HP: 5/105 [ogre/giant club (8)]
  4214 | D:4      | Reached skill level 11 in Maces & Flails
  4600 | D:5      | Entered Level 5 of the Dungeon
  4885 | D:5      | Found a staircase to the Ecumenical Temple.
  5118 | D:5      | Found a glowing golden altar of the Shining One.
  5220 | D:5      | Found a deep blue altar of Sif Muna.
  5731 | D:6      | Reached XP level 8. HP: 71/78 MP: 8/8
  5825 | D:6      | Reached skill level 12 in Maces & Flails
  5966 | D:6      | Found a shadowy altar of Dithmenos.
  6084 | D:6      | Noticed Prince Ribbit
  6097 | D:6      | Killed Prince Ribbit
  6097 | D:6      | Reached **** piety under Trog
  6097 | D:6      | Reached skill level 13 in Maces & Flails
  6445 | D:6      | Found a shattered altar of Ashenzari.
  6715 | D:6      | Found an opulent altar of Gozag.
  6908 | D:6      | Found a bloodstained altar of Trog.
  6922 | D:6      | Reached skill level 14 in Maces & Flails
  6922 | D:6      | Reached XP level 9. HP: 84/84 MP: 1/9
  7463 | D:7      | Reached skill level 15 in Maces & Flails
  7624 | D:7      | Noticed an ice statue
  7819 | D:8      | Reached skill level 16 in Maces & Flails
  8459 | D:8      | Noticed a queen bee
  8462 | D:8      | HP: 1/84 [killer bee (5)]
  8463 | D:8      | Mangled by a killer bee

Vault maps used:
D:1:      elethiomel_arrival_infinity_welcomes_careful_drivers
D:2:      lemuel_doored_altar, grunt_temple_overflow_open, uniq_natasha
D:3:      uniq_grinder
D:4:      first_bread, ashenzari_altar_1
D:5:      nicolae_overflow_crystal_walls, minmay_temple_entry_mist,
          lemuel_blue_sif_altar
D:6:      nicolae_gozag_cash_rules_everything_around_me,
          nicolae_dithmenos_through_a_glass_darkly, marbit_many_paths,
          trog_eyes_of_draining, uniq_prince_ribbit1
D:7:      lemuel_ice_statue
D:8:      minmay_lair_entry_grove, david_nohive_1

Skill      XL: |  1  2  3  4  5  6  7  8  9 |
---------------+----------------------------+-----
Maces & Flails | 5 6 7 9 10 11 14 16 | 16.4
Fighting       | |  4.0
Dodging        | |  2.6

Action                   |  1- 3 |  4- 6 |  7- 9 || total
-------------------------+-------+-------+-------++-------
Melee: Mace              |   105 |   117 |    96 ||   318
       Unarmed           |     3 |       |       ||     3
       Giant club        |       |       |   217 ||   217
Throw: Tomahawk          |       |     2 |    26 ||    28
Invok: Trog's Hand       |     1 |     3 |     1 ||     5
       Berserk           |       |     1 |     8 ||     9
       Brothers in Arms  |       |       |     1 ||     1
Evoke: Wand              |       |       |     6 ||     6
 Stab: Sleeping          |       |       |     1 ||     1
  Eat: Chunk             |     1 |     7 |    13 ||    21
       Pizza             |       |     1 |       ||     1
       Meat ration       |       |       |     1 ||     1
       Bread ration      |       |       |     2 ||     2
